 Dungeon Crawl Stone Soup version 0.27.1 (webtiles) character file.

Game seed: 15137620919807116089

68197 Marmelada008 the Devastator (level 15, 0/122 HPs)
             Began as a Human Hedge Wizard on Aug 29, 2021.
             Was an Initiate of Gozag.
             Slain by a cane toad (18 damage)
             ... on level 6 of the Lair of Beasts.
             The game lasted 02:10:26 (48263 turns).

Marmelada008 the Devastator (Human Hedge Wizard)   Turns: 48263, Time: 02:10:26

Health: 0/122      AC: 11    Str: 12    XL:     15   Next: 69%
Magic:  27/31      EV: 16    Int: 26    God:    Gozag
Gold:   4575       SH:  5    Dex: 12    Spells: 16/38 levels left

rFire    + . .     SeeInvis .   B - +2 dagger (drain)
rCold    + + .     Faith    .   O - +0 buckler
rNeg     . . .     Spirit   .   c - +2 robe {rC+}
rPois    +         Reflect  .   H - +0 helmet
rElec    +         Harm     .   v - +1 cloak {rCorr}
rCorr    +         Rampage  .   C - +2 pair of gloves
Will     .....                  k - +0 pair of boots
Stlth    ++........             (no amulet)
HPRegen  0.30/turn              z - +4 ring of evasion
MPRegen  0.22/turn              e - +6 ring of intelligence

@: resistant, weak-willed, flying, studying Earth Magic
A: no striking features
a: Renounce Religion, Potion Petition, Call Merchant, Bribe Branch


You were on level 6 of the Lair of Beasts.
You worshipped Gozag.
Gozag was most pleased with you.
You visited 4 branches of the dungeon, and saw 24 of its levels.
You also visited: Ossuary.

You collected 5183 gold pieces.
You paid 608 gold pieces to Gozag.

Inventory:

Hand Weapons
 f - a +2 trident of venom
 o - a +1 dagger of electrocution
 B - a +2 dagger of draining (weapon)
 K - a +2 scimitar of flaming
 V - the +2 dagger of the Scorching Traitor {holy, rF+}
   (You found it on level 4 of the Lair of Beasts)

   It has been blessed by the Shining One to cause great damage to the undead
   and demons.
   rF:        It protects you from fire.
Armour
 c - a +2 robe of cold resistance (worn)
 k - a +0 pair of boots (worn)
 p - a +0 pair of gloves
 v - a +1 cloak of preservation (worn)
 C - a +2 pair of gloves (worn)
 H - a +0 helmet (worn)
 L - a +2 robe of positive energy
 N - a +1 leather armour of fire resistance
 O - a +0 buckler (worn)
 X - a +0 kite shield
Magical Staves
 s - a staff of cold
Jewellery
 e - a +6 ring of intelligence (right hand)
 j - a ring of see invisible
 n - a ring of ice
 z - a +4 ring of evasion (left hand)
 Q - a ring of protection from cold
 T - a +4 ring of slaying
Wands
 F - a wand of mindburst (11)
 G - a wand of digging (1)
 R - a wand of flame (35)
Scrolls
 a - a scroll of vulnerability
 b - 6 scrolls of identify
 d - a scroll of enchant armour
 h - 3 scrolls of immolation
 u - 2 scrolls of amnesia {unknown}
 y - 2 scrolls of fog {unknown}
 E - 3 scrolls of brand weapon
 I - 3 scrolls of enchant weapon
 M - 3 scrolls of blinking {unknown}
 P - a scroll of holy word {unknown}
Potions
 g - 3 potions of might
 i - a potion of haste
 l - 4 potions of resistance
 m - 2 potions of lignification
 q - 2 potions of cancellation
 t - a potion of berserk rage
 w - a potion of mutation
 x - 2 potions of magic
 A - 2 potions of curing
 D - a potion of brilliance
 S - 4 potions of degeneration
 Z - a potion of ambrosia {unknown}


   Skills:
 + Level 12.6 Fighting
 - Level 2.0 Dodging
 - Level 2.0 Stealth
 + Level 7.5 Shields
 + Level 12.4 Spellcasting
 + Level 15.6 Conjurations
 * Level 7.4 Summonings
 - Level 1.0 Translocations


You had 16 spell levels left.
You knew the following spells:

 Your Spells              Type           Power      Damage    Failure   Level
a - Magic Dart            Conj           100%       1d8       0%          1
b - Call Imp              Summ           53%        N/A       1%          2
c - Blink                 Tloc           N/A        N/A       3%          2
d - Mephitic Cloud        Conj/Pois/Air  43%        N/A       1%          3
e - Orb of Destruction    Conj           39%        9d13      4%          7
f - Spellforged Servitor  Conj/Summ      33%        N/A       26%         7

Your spell library contained the following spells:

 Spells                   Type           Power      Damage    Failure   Level
 Shock                    Conj/Air       100%       1d9       1%          1
 Static Discharge         Conj/Air       54%        N/A       1%          2
 Conjure Flame            Conj/Fire      54%        6-21      1%          3
 Summon Guardian Golem    Hex/Summ       35%        N/A       2%          3
 Poisonous Vapours        Pois/Air       32%        N/A       5%          2
 Slow                     Hex            16%        N/A       5%          2
 Gell's Gravitas          Tloc           10%        N/A       7%          3
 Lesser Beckoning         Tloc           10%        N/A       7%          3
 Teleport Other           Tloc           21%        N/A       7%          3
 Swiftness                Air            16%        N/A       11%         3
 Summon Forest            Summ/Tloc      19%        N/A       17%         5
 Airstrike                Air            8%         N/A       34%         4
 Manifold Assault         Tloc           21%        N/A       54%         5
 Summon Hydra             Summ           26%        N/A       82%         7
 Dispersal                Tloc           10%        N/A       98%         6
 Eringya's Noxious Bog    Tmut/Pois      8%         N/A       99%         6
 Infestation              Necr           8%         N/A       100%        8
 Necromutation            Tmut/Necr      8%         N/A       100%        8


Dungeon Overview and Level Annotations

Branches:
Dungeon (15/15)            Temple (1/1) D:5            Lair (6/6) D:8
  Swamp (0/4) Lair:4       Spider (0/4) Lair:4          Orc (2/2) D:11
    Elf (0/3) Orc:2        Vaults (0/5) D:14         Depths (0/5) D:15
Ossuary (visited)
  Slime: Lair:5-6

Altars:
Ashenzari
Cheibriados
Dithmenos
Elyvilon
Fedhas
Gozag
Hepliaklqana
Kikubaaqudgha
Makhleb
Nemelex Xobeh
Okawaru
Qazlal
Ru
Sif Muna
Trog
Uskayaw
Vehumet
Wu Jian
Xom
Yredelemnul
Zin
The Shining One

Shops:
D:1 :

Annotations:
D:9 exclusion: cyclops
D:11 exclusion: efreet
D:14 exclusion: downstairs
Lair:3 3 runed translucent doors, exclusion: downstairs, Befuwnopp's ghost, journeyman TrHu
Orc:2 2 exclusions, Azrael


Message History

You feel much better. You block the wyvern's attack. The wyvern bites you.
* * * LOW HITPOINT WARNING * * *
Okay, then. [a] - 184 gold - might and brilliance [b] - 368 gold - heal wounds, curing and magic [c] - 720 gold - brilliance, magic, invisibility and might Purchase which effect?
You feel much better.
You feel better. Magic courses through your body. The wyvern bites you.
The blink frog blinks!
Casting: Blink (safe; 3% risk of failure)
Confirm with . or Enter, or press ? or * to list all spells.
You blink.
The blink frog croaks.
The blink frog's inner flame fades away.
The blink frog hits the plant.
The five-headed hydra bites you. The five-headed hydra bites you! x2
* * * LOW HITPOINT WARNING * * *
The five-headed hydra bites you but does no damage.
The five-headed hydra bites you.
* * * LOW HITPOINT WARNING * * *
The electric eel shoots out a bolt of lightning at you!
The bolt of electricity misses the cane toad.
The bolt of electricity hits the electric eel.
The electric eel completely resists.
The bolt of electricity hits you. You resist.
* * * LOW HITPOINT WARNING * * *
The bolt of electricity hits you. You resist.
* * * LOW HITPOINT WARNING * * *
The electric eel shoots out a bolt of lightning at you!
The bolt of electricity hits you. You resist.
* * * LOW HITPOINT WARNING * * *
The bolt of electricity misses you.
The bolt of electricity hits the electric eel.
The electric eel completely resists.
The blink frog hits the plant.
The blink frog blinks!
Casting: Blink (safe; 3% risk of failure)
Confirm with . or Enter, or press ? or * to list all spells.
You blink.
A nearby plant withers and dies.
The cane toad stings you!!
You die...
Your body crumbles into a pile of gold.

#Y# .. #.# ♣.. #.##
♣♣♣≈. ♣F♣#
♣♣♣♣P♣♣≈≈♣≈♣♣♣♣l###
≈♣≈≈≈≈P≈P♣P≈♣♣♣♣;§#
≈P≈≈≈≈≈≈≈≈≈≈≈♣♣≈D##
P≈≈≈≈≈≈≈♣≈≈≈P≈;FF♣
≈≈≈≈≈≈≈≈P≈≈≈≈F≈♣@♣
≈Y≈≈≈≈≈≈≈≈≈P≈≈≈≈F♣
≈≈≈≈≈≈≈≈≈≈≈≈≈≈P≈♣♣
≈≈≈≈≈≈≈≈≈≈≈♣≈≈≈≈≈♣
≈Y≈≈≈≈≈§P≈≈≈F≈≈≈♣♣
≈≈Y≈≈≈≈≈≈≈♣≈≈≈♣♣≈#
≈≈≈P≈≈≈≈≈≈PPP♣≈#♣#
≈≈P≈≈≈≈≈≈≈≈♣♣♣♣#
♣≈♣♣≈♣♣≈P♣♣♣


You could see a five-headed hydra, a cane toad (inner flame), 3 blink frogs, a
wyvern (inner flame, weak-willed) and 2 electric eels.

Vanquished Creatures
  Saint Roka (Orc:2)
  Kirke (D:12)
  An orc warlord (Orc:1)
  A stone giant (D:12)
  Snorg (Lair:3)
  Josephine (Lair:4)
  Fannar (D:11)
  A rakshasa (D:14)
  3 vault guards (D:14)
  4 centaur warriors
  11 hydras
  A boulder beetle (D:14)
  A death knight (D:14)
  A catoblepas (Lair:5)
  4 two-headed ogres
  Urug (D:11)
  An orc high priest (Orc:1)
  5 skeletal warriors (D:14)
  A deep elf pyromancer (D:13)
  An orc knight (Orc:1)
  The ghost of murcat the Destroyer, a novice DECj of Vehumet (D:8)
  An orc sorcerer (Orc:1)
  3 manticores
  4 oklob plants (Lair:4)
  5 cyclopes
  An ugly thing (D:13)
  Maurice (D:9)
  A black mamba (Lair:4)
  A gargoyle (D:14)
  9 cane toads
  An unseen horror (D:10)
  4 kobold demonologists
  Psyche (D:8)
  2 rime drakes
  A freezing wraith (D:14)
  8 komodo dragons
  4 trolls
  A polar bear (Lair:3)
  2 tyrant leeches (Lair:4)
  Prince Ribbit (D:7)
  11 blink frogs
  A hornet (D:8)
  11 slime creatures
  2 redbacks (Lair:4)
  Sigmund (D:2)
  A vampire (D:12)
  26 yaks
  2 water elementals (D:14)
  5 wraiths
  A hog (D:12)
  4 fire elementals
  4 wyverns
  4 basilisks
  A steam dragon (D:10)
  A warg (D:11)
  A redback simulacrum (D:14)
  3 acid dragons
  A hell hound (Orc:2)
  4 water moccasins
  A floating eye (shapeshifter) (D:14)
  2 black bears
  13 orc warriors
  A sky beast (D:7)
  15 wolves
  3 ogres
  A necrophage (D:7)
  7 centaurs
  8 bullfrogs
  12 kobold brigands
  2 scorpions
  6 killer bees
  5 wights (D:8)
  3 howler monkeys
  2 electric eels (D:14)
  Crazy Yiuf (D:3)
  3 centaur zombies
  4 orc priests
  A bullfrog skeleton (D:6)
  2 hounds
  2 iguanas (D:5)
  13 orc wizards
  2 mummies (Ossuary)
  2 howler monkey zombies
  3 gnolls (D:7)
  7 adders
  A shadow imp (D:6)
  3 white imps
  An adder zombie (D:3)
  An adder skeleton (D:4)
  A worm (D:4)
  A dart slug (D:4)
  36 orcs
  6 endoplasms
  5 goblins
  3 hobgoblins
  3 jackals
  3 quokkas
  3 ball pythons
  13 bats
  4 frilled lizards
  40 kobolds
  An orc zombie (Ossuary)
  9 rats
433 creatures vanquished.

Vanquished Creatures (collateral kills)
  A hydra (D:12)
  Erica (D:8)
  A two-headed ogre (D:12)
  Sonja (D:11)
  A cyclops (D:12)
  An ugly thing (D:12)
  3 cane toads
  A polar bear (Lair:2)
  A slime creature (D:11)
  A basilisk (D:12)
  3 hogs (D:12)
  A warg (Orc:1)
  3 vampire mosquitoes (D:12)
  A hell hound (Orc:2)
  3 water moccasins
  2 orc warriors
  A sky beast (D:6)
  A necrophage (D:6)
  An ogre (D:4)
  A wolf (Lair:3)
  A centaur (D:14)
  A phantom (D:5)
  2 kobold brigands
  2 bullfrogs
  A scorpion (D:6)
  A water moccasin zombie (D:7)
  A wyvern skeleton (D:7)
  A killer bee (D:9)
  2 vampire bats (D:3)
  A centaur skeleton (D:7)
  A gnoll shaman (D:7)
  A jelly (D:3)
  An iguana (D:5)
  6 mummies (Ossuary)
  2 adders
  A shadow imp (D:6)
  A white imp (D:7)
  An ufetubus (D:3)
  A worm (D:3)
  4 orcs
  2 endoplasms
  2 gnoll zombies (Ossuary)
  2 goblins
  3 hobgoblins
  2 jackals
  4 kobolds
  A quokka (D:5)
  A ball python (D:1)
  2 hobgoblin zombies (Ossuary)
  2 kobold zombies (Ossuary)
  An orc zombie (Ossuary)
83 creatures vanquished.

Vanquished Creatures (others)
  A vault guard (D:14)
  A human (D:12)
  A kobold brigand (D:8)
  A bush (Lair:2)
  30 fungi
  144 plants
  9 withered plants (D:15)
187 creatures vanquished.

Grand Total: 703 creatures vanquished

Notes
Turn   | Place    | Note
-------+----------+-------------------------------------------
     0 | D:1      | Marmelada008 the Human Hedge Wizard began the quest for the
                  | Orb.
     0 | D:1      | Reached XP level 1. HP: 13/13 MP: 4/4
   538 | D:1      | Reached XP level 2. HP: 8/19 MP: 4/6
   724 | D:1      | Learned a level 2 spell: Call Imp
  1151 | D:1      | Found Pyeg's Book Emporium.
  1171 | D:1      | Reached skill level 2 in Conjurations
  1415 | D:1      | Reached XP level 3. HP: 23/24 MP: 3/7
  1773 | D:1      | Learned a level 2 spell: Blink
  1782 | D:1      | Learned a level 3 spell: Mephitic Cloud
  2305 | D:2      | Reached XP level 4. HP: 30/30 MP: 6/9
  2503 | D:2      | Reached skill level 3 in Conjurations
  2540 | D:2      | Noticed Sigmund
  3401 | D:3      | Reached XP level 5. HP: 35/35 MP: 4/10
  3928 | D:3      | Found a runed translucent door.
  3929 | D:3      | Noticed Crazy Yiuf
  4329 | D:4      | Noticed an ogre
  4442 | D:4      | Killed an ogre
  4443 | D:4      | Reached skill level 4 in Conjurations
  4443 | D:4      | Reached XP level 6. HP: 41/41 MP: 5/11
  4536 | D:4      | Noticed a yak
  4536 | D:4      | Noticed a yak
  4811 | D:4      | Found a shimmering altar of Xom.
  4966 | D:4      | Noticed a yak
  4967 | D:4      | Noticed a yak
  5213 | D:5      | Entered Level 5 of the Dungeon
  5250 | D:5      | Found a shimmering blue altar of Sif Muna.
  5551 | D:5      | Found a sand-covered staircase.
  5556 | Ossuary  | Entered an ossuary
  5606 | Ossuary  | Reached XP level 7. HP: 41/46 MP: 6/13
  5974 | Ossuary  | Reached skill level 5 in Conjurations
  6438 | D:5      | Reached skill level 1 in Fighting
  6725 | D:5      | Found a staircase to the Ecumenical Temple.
  7489 | D:3      | Killed Crazy Yiuf
  7714 | D:2      | Killed Sigmund
  8045 | D:5      | Reached XP level 8. HP: 57/57 MP: 11/15
  8197 | D:6      | Reached skill level 5 in Spellcasting
  8712 | D:6      | Reached skill level 6 in Conjurations
 10524 | D:7      | Reached XP level 9. HP: 53/66 MP: 7/18
 10799 | D:7      | Noticed Prince Ribbit
 10843 | D:7      | Killed Prince Ribbit
 10844 | D:7      | Reached skill level 7 in Conjurations
 10997 | D:7      | Reached skill level 5 in Fighting
 11275 | D:8      | Noticed Psyche
 11290 | D:8      | Killed Psyche
 11458 | D:8      | Found a bloodstained altar of Trog.
 11458 | D:8      | Found a sparkling altar of Nemelex Xobeh.
 11507 | D:8      | Noticed Erica
 11530 | D:8      | Killed Erica
 11531 | D:8      | Reached skill level 8 in Conjurations
 11623 | D:8      | Found a runed translucent gate.
 11623 | D:8      | Found a runed translucent gate.
 11623 | D:8      | Found a runed translucent gate.
 11624 | D:8      | Noticed murcat's ghost (novice DECj)
 11625 | D:8      | Noticed a kobold demonologist
 11877 | D:8      | Found a staircase to the Lair.
 12451 | Temple   | Entered the Ecumenical Temple
 12597 | Temple   | Became a worshipper of Gozag Ym Sagoz the Greedy
 12842 | D:8      | Reached XP level 10. HP: 67/76 MP: 19/21
 14387 | D:9      | Reached skill level 1 in Shields
 14429 | D:9      | Noticed Maurice
 14618 | D:9      | Noticed a cyclops
 14792 | D:9      | Killed Maurice
 15451 | D:10     | Entered Level 10 of the Dungeon
 15510 | D:10     | Noticed an unseen horror
 15531 | D:10     | Killed an unseen horror
 15532 | D:10     | Reached skill level 9 in Conjurations
 15714 | D:10     | Found a blossoming altar of Fedhas.
 15721 | D:10     | Noticed a two-headed ogre
 16064 | D:10     | Found an iron altar of Okawaru.
 16098 | D:10     | Noticed a two-headed ogre
 16113 | D:10     | Killed a two-headed ogre
 16399 | D:10     | Killed a two-headed ogre
 16400 | D:10     | Reached XP level 11. HP: 86/86 MP: 3/23
 16989 | D:11     | Noticed a two-headed ogre
 17008 | D:11     | Killed a two-headed ogre
 17105 | D:11     | Found a staircase to the Orcish Mines.
 17275 | D:11     | Noticed Urug
 17543 | D:11     | Killed Urug
 18126 | D:11     | Noticed Fannar
 18228 | D:11     | Learned a level 7 spell: Orb of Destruction
 18300 | D:11     | Noticed Sonja
 18318 | D:11     | Killed Sonja
 18319 | D:11     | Reached skill level 10 in Conjurations
 18702 | D:11     | Reached skill level 5 in Shields
 19049 | D:12     | Noticed a green ugly thing
 19072 | D:12     | Found a gate leading to a gauntlet.
 19085 | D:12     | Noticed a cyclops
 19104 | D:12     | Killed a cyclops
 19123 | D:12     | Noticed Kirke
 19144 | D:12     | Killed Kirke
 19283 | D:12     | Noticed a cyclops
 19300 | D:12     | Killed a cyclops
 19406 | D:12     | Noticed a cyclops
 19816 | D:12     | Killed a cyclops
 19895 | D:12     | Killed a green ugly thing
 20242 | Lair:1   | Entered Level 1 of the Lair of Beasts
 20260 | Lair:1   | Reached XP level 12. HP: 25/95 MP: 25/25
 20547 | Lair:1   | Reached skill level 11 in Conjurations
 20813 | Lair:2   | Noticed a four-headed hydra
 20825 | Lair:1   | Got the Volume of Feathery Necromancy
 22752 | Lair:2   | Reached skill level 10 in Spellcasting
 23783 | Lair:3   | Found a runed translucent gate.
 23783 | Lair:3   | Found a runed translucent gate.
 23784 | Lair:3   | Found a runed translucent gate.
 23791 | Lair:3   | Noticed Befuwnopp's ghost (journeyman TrHu)
 23799 | Lair:3   | Noticed a boulder beetle
 24139 | Lair:3   | Noticed a minotaur
 24345 | Lair:3   | Reached skill level 12 in Conjurations
 25226 | Lair:4   | Noticed a seven-headed hydra
 25408 | Orc:1    | Entered Level 1 of the Orcish Mines
 25621 | Orc:2    | Entered Level 2 of the Orcish Mines
 25642 | Orc:2    | Reached skill level 10 in Fighting
 26136 | Orc:2    | Found a staircase to the Elven Halls.
 26508 | Orc:1    | Noticed an orc high priest
 27297 | D:13     | Noticed an eight-headed hydra
 27383 | D:12     | Noticed a two-headed ogre
 27403 | D:12     | Noticed a two-headed ogre
 27427 | D:12     | Noticed a death knight
 27761 | Lair:2   | Killed a four-headed hydra
 27762 | Lair:2   | Reached XP level 13. HP: 103/103 MP: 18/27
 28607 | Lair:4   | Noticed a seven-headed hydra
 28701 | Lair:4   | Noticed Snorg
 29414 | Lair:3   | Killed Snorg
 30065 | Lair:4   | Reached skill level 13 in Conjurations
 30678 | Lair:4   | Found an ancient bone altar of Kikubaaqudgha.
 30885 | Lair:5   | Noticed a catoblepas
 31087 | Lair:4   | Noticed a six-headed hydra
 32163 | Orc:1    | Noticed an orc warlord
 33213 | D:12     | Noticed a six-headed hydra
 33327 | D:12     | Killed a six-headed hydra
 34229 | D:12     | Noticed a stone giant
 34237 | D:12     | Killed a stone giant
 35274 | D:11     | Killed Fannar
 35969 | Orc:1    | Killed an orc warlord
 35970 | Orc:1    | Reached skill level 14 in Conjurations
 35970 | Orc:1    | Reached XP level 14. HP: 95/113 MP: 1/29
 36323 | Orc:1    | Paralysed by an orc sorcerer for 2 turns
 36906 | Orc:2    | Noticed Saint Roka
 36920 | Orc:2    | Killed Saint Roka
 37492 | Orc:2    | Noticed Azrael
 38778 | D:13     | Learned a level 7 spell: Spellforged Servitor
 40081 | D:13     | Reached skill level 15 in Conjurations
 40491 | D:14     | Found a gate to the Vaults.
 41646 | D:14     | You fall into a shaft and drop 1 floor!
 41646 | D:15     | Entered Level 15 of the Dungeon
 41909 | D:14     | Found a shimmering blue altar of Sif Muna.
 42012 | D:14     | HP: 5/115 [centaur warrior/arrow (11)]
 42629 | D:14     | Reached skill level 5 in Summonings
 42677 | D:14     | Reached XP level 15. HP: 77/121 MP: 3/31
 45060 | D:8      | Killed murcat's ghost
 46133 | Lair:4   | Noticed Josephine
 46135 | Lair:4   | Killed Josephine
 46306 | Lair:4   | Found a hole to the Spider Nest.
 47303 | Lair:4   | Found a staircase to the Swamp.
 47647 | Lair:4   | Identified the +2 dagger of the Scorching Traitor {holy,
                  | rF+}
 48111 | Lair:5   | You fall into a shaft and drop 1 floor!
 48111 | Lair:6   | Entered Level 6 of the Lair of Beasts
 48133 | Lair:6   | Found the +8 arc blade {discharge, rElec}
 48263 | Lair:6   | Slain by a cane toad

Illustrated notes

Levels and vault maps discovered:
D:1:      psy_arrival_terrarium, layout_loops_cross, serial_shops, shop_statue
D:2:      layout_basic, uniq_sigmund
D:3:      layout_loops_ring, roderic_batcave, uniq_crazy_yiuf_cottage
D:4:      layout_cave_pools, mainiacjoe_overflow_tiny_flanked
D:5:      layout_basic, lemuel_doored_altar,
          minmay_temple_entry_drinking_statues, enter_ossuary_2,
          wad_floor_pattern_untrapped, serial_park_tiny_2
D:6:      kennysheep_kobold_camp, layout_loops_ring,
          chequers_serial_rivers_large_a
D:7:      layout_rooms, uniq_prince_ribbit1
D:8:      layout_basic, gammafunk_temple_overflow_statue, lair_entry_dummy,
          gammafunk_ghost_nasty_kobolds, uniq_psyche, uniq_erica
D:9:      layout_loops_ring, corexii_leaking_fountain, eino_tiny_chamber,
          minmay_misc_feat_encased, uniq_maurice
D:10:     layout_basic, fedhas_altar_2, okawaru_metal_pillars_1_2,
          minmay_misc_feat_pillars
D:11:     layout_roguey, orc_0_dummy, hangedman_abyss_or_decor_clamps,
          minivault_11, uniq_sonja, uniq_urug, uniq_fannar
D:12:     kennysheep_scales, layout_irregular_city, gauntlet_entry_generic,
          uniq_kirke
D:13:     layout_irregular_city
D:14:     layout_basic, lightli_vaults_fourway_checkpoint,
          nicolae_sif_muna_condensation
D:15:     gammafunk_depths_entry_grave, layout_irregular_city,
          minmay_misc_feat_enclosed
Temple:   nicolae_temple_elliptical
Lair:1:   layout_concentric_octagons
Lair:2:   layout_regular_city
Lair:3:   layout_cave_pods, maelrawn_ghost_gauntlet_escape, grunt_megastairs_2
Lair:4:   layout_gridlike, palyth_hydra_swamp_entry, spider_nest_entry_webs,
          basic_altar, minivault_23, patterned_corridor,
          minmay_lair_oklob_chamber, uniq_josephine, uniq_snorg
Lair:5:   layout_roguey, infiniplex_staircase_pool_2
Lair:6:   evil_forest, layout_cave_shapes, minmay_slime_entry_pillars,
          serial_bayou, serial_bayou_lake_a, serial_bayou_pond_a,
          serial_bayou_pond_e, serial_bayou_pond_b,
          eino_small_chamber_without_monster, lemuel_fruit_tree
Orc:1:    layout_caves, nicolae_orc_rockfall
Orc:2:    pf_orc_diabolical, layout_caves, uniq_saint_roka, uniq_rupert,
          uniq_azrael

Skill      XL: |  1  2  3  4  5  6  7  8  9 10 11 12 13 14 15 |
---------------+----------------------------------------------+-----
Conjurations   | 2 3 4 5 6 8 9 10 12 14 15 | 15.6
Summonings     | 2 3 5 7 |  7.4
Spellcasting   | 4 6 7 8 9 10 11 12 | 12.4
Fighting       | 2 4 6 7 9 10 11 12 | 12.6
Shields        | 3 5 6 7 |  7.5
Dodging        | |  2.0
Stealth        | |  2.0
Translocations | |  1.0

Action                   |  1- 3 |  4- 6 |  7- 9 | 10-12 | 13-15 || total
-------------------------+-------+-------+-------+-------+-------++-------
Melee: Dagger            |    53 |    46 |   163 |   470 |   336 ||  1068
 Cast: Magic Dart        |    59 |    95 |   214 |   474 |   231 ||  1073
       Call Imp          |     8 |    39 |    69 |   134 |    68 ||   318
       Mephitic Cloud    |       |       |     7 |   100 |    70 ||   177
       Blink             |       |       |     5 |    34 |    55 ||    94
       Orb of Destructio |       |       |       |       |   213 ||   213
Invok: Potion Petition   |       |       |       |       |     1 ||     1
Evoke: Wand              |       |       |       |    31 |    21 ||    52
  Use: Scroll            |       |    10 |     1 |    13 |    14 ||    38
       Potion            |       |     1 |     2 |     3 |    19 ||    25
 Stab: Sleeping          |     2 |     1 |     1 |     3 |       ||     7
       Confused          |       |       |     4 |    33 |    17 ||    54
       Paralysed         |       |       |       |    17 |       ||    17
       Distracted        |       |       |       |     4 |     3 ||     7
Armor: Robe              |    17 |    42 |    54 |   121 |   103 ||   337
       Skin              |       |       |    10 |       |    39 ||    49
Dodge: Dodged            |    71 |   101 |   164 |   393 |   385 ||  1114
Block: Buckler           |       |       |       |   113 |   143 ||   256
